 Dungeon Crawl Stone Soup version 0.27.1-4-g1640c2035a (webtiles) character file.

Game seed: 2985114041631170386

19312 VictoriousLee the Martial Artist (level 12, -4/102 HPs)
             Began as an Octopode Transmuter on Nov 12, 2021.
             Was an Initiate of Gozag.
             Hit by a large rock thrown by a cyclops (36 damage)
             ... on level 13 of the Dungeon on Nov 13, 2021.
             The game lasted 01:21:45 (12970 turns).

VictoriousLee the Martial Artist (OpTm)            Turns: 12970, Time: 01:21:46

Health: -4/102     AC:  9    Str:  9    XL:     12   Next: 67%
Magic:  16/19      EV: 14    Int: 20    God:    Gozag
Gold:   1225       SH:  0    Dex: 13    Spells: 6/21 levels left

rFire    . . .     SeeInvis .     - Unarmed
rCold    + + +     Faith    .   (shield currently unavailable)
rNeg     + . .     Spirit   .   (helmet currently unavailable)
rPois    +         Reflect  .   e - amulet of regeneration
rElec    .         Harm     .   r - ring of resist corrosion
rCorr    +         Rampage  .   (no ring)
Will     .....                  I - ring of fire
Stlth    +.........             J - ring of protection from cold
HPRegen  1.27/turn              K - ring of positive energy
MPRegen  0.16/turn              b - +4 ring of evasion
                                (no ring)
                                (no ring)

@: ice-form, marked, gold aura
A: freezing attack, boosted hp, almost no armour, amphibious, 8 rings, large,
(camouflage 1), (gelatinous body 1), (nimble swimmer 1), (tentacles)
a: End Transformation, Renounce Religion, Potion Petition, Call Merchant, Bribe
Branch


You were on level 13 of the Dungeon.
You worshipped Gozag.
Gozag was most pleased with you.
You were a creature of crystalline ice.
You visited 3 branches of the dungeon, and saw 15 of its levels.

You collected 2430 gold pieces.
You spent 546 gold pieces at shops.
You paid 659 gold pieces to Gozag.

Inventory:

Hand Weapons
 c - a +1 falchion of draining
 m - a +2 hand axe of flaming
 o - a +2 dagger of holy wrath
 y - a +1 short sword of speed
 A - a +3 flail of protection (melded)
 G - a +0 hand crossbow
 M - a +4 short sword of freezing
Missiles
 g - 309 stones
 i - 105 poisoned darts
 n - 126 bolts
 s - 30 boomerangs
 z - 362 arrows
 E - a throwing net
 H - 2 curare-tipped darts
Armour
 l - the +0 hat "Qocum" (melded) {+Blink rCorr Slay+2 Stlth-}
   (You acquired it on level 9 of the Dungeon)

   Slay:      It affects your accuracy & damage with ranged weapons and melee
   (+2).
   +Blink:    It lets you blink.
   rCorr:     It protects you from acid and corrosion.
   Stlth:     It makes you less stealthy.
Magical Staves
 v - a staff of cold
Jewellery
 b - a +4 ring of evasion (on tentacle)
 e - an amulet of regeneration (around neck)
 r - a ring of resist corrosion (left front paw)
 t - a ring of ice
 C - an amulet of reflection
 I - a ring of fire (on tentacle)
 J - a ring of protection from cold (on tentacle)
 K - a ring of positive energy (on tentacle)
Wands
 p - a wand of polymorph (10)
 B - a wand of flame (6)
 L - a wand of iceblast (3)
 N - a wand of digging (7)
Scrolls
 d - a scroll of summoning
 f - 3 scrolls of enchant armour
 k - 7 scrolls of teleportation {unknown}
 u - a scroll of amnesia {unknown}
 w - a scroll of enchant weapon
 F - 2 scrolls of vulnerability {unknown}
 O - a scroll of immolation
Potions
 a - 3 potions of brilliance
 h - a potion of curing
 j - a potion of cancellation
 q - 4 potions of mutation
 D - 2 potions of attraction


   Skills:
 - Level 9.1 Fighting
 - Level 2.0 Dodging
 - Level 11.0 Unarmed Combat
 - Level 5.0 Spellcasting
 + Level 2.8 Conjurations
 - Level 8.1 Transmutations
 - Level 7.0 Ice Magic
 - Level 9.0 Air Magic
 - Level 3.0 Evocations


You had 6 spell levels left.
You knew the following spells:

 Your Spells              Type           Power      Damage    Failure   Level
a - Airstrike             Air            20%        N/A       2%          4
b - Beastly Appendage     Tmut           74%        N/A       1%          1
c - Lightning Bolt        Conj/Air       14%        1d27      28%         5
i - Ice Form              Ice/Tmut       35%        N/A       4%          4
s - Shock                 Conj/Air       100%       1d9       1%          1

Your spell library contained the following spells:

 Spells                   Type           Power      Damage    Failure   Level
 Wereblood                Tmut           37%        N/A       1%          2
 Swiftness                Air            41%        N/A       1%          3
 Spider Form              Tmut/Pois      10%        N/A       7%          3
 Apportation              Tloc           10%        N/A       12%         1
 Silence                  Hex/Air        11%        N/A       45%         5
 Alistair's Intoxication  Tmut/Pois      14%        N/A       52%         5
 Borgnjor's Vile Clutch   Necr/Erth      2%         N/A       97%         5
 Eringya's Noxious Bog    Tmut/Pois      10%        N/A       98%         6
 Invisibility             Hex            2%         N/A       100%        6


Dungeon Overview and Level Annotations

Branches:
Dungeon (13/15)            Temple (1/1) D:4            Lair (1/6) D:10
    Orc (0/2) D:9
 Vaults: D:13-14

Altars:
Ashenzari
Cheibriados
Dithmenos
Elyvilon
Fedhas
Gozag
Hepliaklqana
Kikubaaqudgha
Makhleb
Nemelex Xobeh
Okawaru
Qazlal
Ru
Sif Muna
Trog
Uskayaw
Vehumet
Wu Jian
Xom
Yredelemnul
Zin
The Shining One

Shops:
D:12 *

Annotations:
D:12 3 runed translucent doors, Veixkuz's ghost, journeyman MiBe


Innate Abilities, Weirdness & Mutations

You are a creature of crystalline ice.
You have a powerful freezing melee attack.
Your maximum health is increased.
Your armour is entirely melded.
You are incapable of wielding weapons or throwing items.
You cannot wear most types of armour.
You are amphibious.
You can wear up to eight rings at the same time.
((Your skin changes colour to match your surroundings (Stealth+).))
((Your rubbery body absorbs attacks. (AC +1, EV +1)))
((You are camouflaged near water. (Stealth+)))
((You have tentacles for arms and can constrict up to eight enemies at once.))


Message History

A boulder beetle comes into view.
The boulder beetle curls into a ball and begins rolling!
Casting: Ice Form (dangerous; 4% risk of failure)
Press: ? - help, Q - select action, (/) - cycle Dir - look around, f - activate You turn into a creature of crystalline ice.
Your +3 flail of protection melds into your body.
The +0 hat "Qocum" {+Blink rCorr Slay+2 Stlth-} melds into your body.
Your +3 flail of protection goes still.
You punch the boulder beetle! You freeze the boulder beetle.
The boulder beetle is moderately wounded.
The boulder beetle hits you!!!
The boulder beetle stops rolling and uncurls.
A centaur warrior comes into view.
You hit the boulder beetle but do no damage.
The boulder beetle is moderately wounded.
The boulder beetle leaps!
The centaur warrior wields a +0 shortbow.
The centaur warrior shoots an arrow.
The arrow hits you!
The centaur warrior shoots an arrow.
The arrow hits you.
The centaur warrior unwields a +0 shortbow.
The centaur warrior closely misses you.
The centaur warrior kicks you but does no damage.
Unknown command.
You hit the centaur warrior but do no damage.
The centaur warrior hits you! The centaur warrior kicks you.
The centaur warrior hits you!
* * * LOW HITPOINT WARNING * * *
The centaur warrior kicks you but does no damage.
The boulder beetle closely misses you.
As you read the scroll of fear, it crumbles to dust.
You assume a fearsome visage.
The centaur warrior looks frightened!
The boulder beetle looks frightened!
A cyclops comes into view.
A human comes into view.
The boulder beetle leaps!
A brown ugly thing comes into view.
The centaur warrior nearly stumbles in trying to escape.
The boulder beetle leaps!
The cyclops throws a large rock.
The large rock hits you!!!
You die...
Your body crumbles into a pile of gold.

..... ...c ...#
...# ...##
##u...##########
#C.............#
#.####.........#
#Y# .......# #.#
#..)...# $
#.#######......#
#.......#.<....#
###.###........#
#..###....>..#
##.# ##.######
.# #..# ..
##.#######


You could see a brown ugly thing, a centaur warrior (fleeing) and a cyclops.

Vanquished Creatures
  A boulder beetle (D:12)
  6 two-headed ogres
  A wizard (D:12)
  2 manticores
  Maurice (D:11)
  2 cyclopes
  Joseph (D:7)
  An unseen horror (D:10)
  2 kobold demonologists (D:11)
  A komodo dragon (D:10)
  A hornet (D:8)
  2 trolls
  A raiju (shapeshifter) (D:11)
  3 slime creatures
  2 vampires
  12 yaks
  2 wyverns
  3 wraiths (D:11)
  A steam dragon (D:8)
  7 vampire mosquitoes
  Edmund (D:5)
  2 water moccasins
  3 ice beasts
  5 orc warriors
  2 sky beasts
  A black bear (D:5)
  A necrophage (D:5)
  5 centaurs (D:11)
  A phantom (D:7)
  7 kobold brigands
  A bullfrog (D:7)
  3 gnoll sergeants
  2 scorpions (D:5)
  2 water moccasin zombies
  4 killer bees (D:8)
  3 howler monkeys
  14 wights (D:8)
  6 centaur zombies
  2 bullfrog skeletons
  2 hounds
  6 orc priests
  2 centaur skeletons
  3 iguanas
  Natasha (thrice) (D:3)
  9 orc wizards
  A scorpion zombie (D:5)
  A killer bee zombie (D:6)
  A hound zombie (D:5)
  A hound skeleton (D:4)
  16 gnolls
  7 adders
  A white imp (D:6)
  2 ufetubi
  2 worms
  4 dart slugs
  38 orcs
  11 ball pythons
  3 bats
  6 endoplasms
  8 giant cockroaches
  4 hobgoblins
  2 jackals (D:4)
  27 kobolds
  4 quokkas
  4 frilled lizards
  7 goblins
  3 rats
295 creatures vanquished.

Vanquished Creatures (others)
  A cyclops (D:13)
  An orc wizard (D:8)
2 creatures vanquished.

Grand Total: 297 creatures vanquished

Notes
Turn   | Place    | Note
-------+----------+-------------------------------------------
     0 | D:1      | VictoriousLee the Octopode Transmuter began the quest for
                  | the Orb.
     0 | D:1      | Reached XP level 1. HP: 13/13 MP: 3/3
   159 | D:1      | Reached XP level 2. HP: 18/18 MP: 1/5
  1047 | D:1      | Reached XP level 3. HP: 23/23 MP: 4/6
  1525 | D:2      | Reached XP level 4. HP: 10/28 MP: 5/7
  1872 | D:2      | Found a faded altar of an unknown god.
  2265 | D:3      | Found a white marble altar of Elyvilon.
  2462 | D:3      | Noticed Natasha
  2471 | D:3      | Killed Natasha
  2522 | D:3      | Reached XP level 5. HP: 29/34 MP: 6/8
  2697 | D:3      | Noticed Natasha
  2728 | D:3      | Killed Natasha
  2729 | D:3      | Reached skill level 5 in Transmutations
  2887 | D:3      | Noticed Natasha
  2902 | D:3      | Killed Natasha
  2988 | D:3      | Learned a level 4 spell: Ice Form
  3027 | D:3      | Reached skill level 1 in Ice Magic
  3101 | D:4      | Reached XP level 6. HP: 29/39 MP: 7/9
  3126 | D:4      | Found a staircase to the Ecumenical Temple.
  3266 | D:4      | Noticed an ice beast
  3286 | D:4      | Noticed an ice beast
  3304 | D:4      | Killed an ice beast
  3414 | Temple   | Entered the Ecumenical Temple
  4139 | Temple   | Became a worshipper of Gozag Ym Sagoz the Greedy
  4201 | D:4      | Killed an ice beast
  4202 | D:4      | Reached XP level 7. HP: 45/45 MP: 6/10
  4669 | D:5      | Entered Level 5 of the Dungeon
  4720 | D:5      | Reached skill level 5 in Ice Magic
  4788 | D:5      | Noticed a troll
  4803 | D:5      | a troll changed into a quokka
  4849 | D:5      | Reached XP level 8. HP: 47/50 MP: 11/11
  4970 | D:5      | Noticed Edmund
  4983 | D:5      | Killed Edmund
  5794 | D:6      | Reached XP level 9. HP: 48/57 MP: 12/12
  6136 | D:6      | Learned a level 1 spell: Shock
  6718 | D:7      | Noticed Joseph
  6767 | D:7      | Killed Joseph
  6768 | D:7      | Reached skill level 5 in Air Magic
  7266 | D:7      | Identified the +4 chain mail "Ubigudil" {Drain rC+ Regen+}
  7704 | D:7      | Learned a level 4 spell: Airstrike
  7953 | D:8      | Reached XP level 10. HP: 26/63 MP: 11/13
  8286 | D:8      | Noticed a manticore
  8299 | D:8      | Killed a manticore
  8645 | D:8      | Reached skill level 4 in Unarmed Combat
  9124 | D:8      | Reached skill level 5 in Unarmed Combat
  9321 | D:9      | Reached skill level 6 in Unarmed Combat
  9380 | D:9      | Reached skill level 7 in Unarmed Combat
  9439 | D:9      | Noticed a two-headed ogre
  9455 | D:9      | Killed a two-headed ogre
  9456 | D:9      | Reached skill level 8 in Unarmed Combat
  9491 | D:9      | Reached XP level 11. HP: 69/69 MP: 1/14
  9617 | D:9      | Found a staircase to the Orcish Mines.
  9877 | D:9      | Identified a scroll of acquirement
  9877 | D:9      | Acquired the +0 hat "Qocum" {+Blink rCorr Slay+2 Stlth-}
  9897 | D:10     | Entered Level 10 of the Dungeon
  9991 | D:10     | Reached skill level 1 in Evocations
 10055 | D:10     | Reached skill level 9 in Unarmed Combat
 10149 | D:10     | Noticed a two-headed ogre
 10159 | D:10     | Killed a two-headed ogre
 10194 | D:10     | Found a staircase to the Lair.
 10327 | D:10     | Noticed a two-headed ogre
 10335 | D:10     | Killed a two-headed ogre
 10336 | D:10     | Reached skill level 10 in Unarmed Combat
 10936 | D:11     | Noticed a cyclops
 10948 | D:11     | Killed a cyclops
 11000 | D:11     | Noticed Maurice
 11018 | D:11     | Killed Maurice
 11087 | D:11     | Noticed a sixfirhy
 11105 | D:11     | Reached skill level 5 in Fighting
 11661 | D:12     | Noticed a wizard
 11661 | D:12     | Noticed a two-headed ogre
 11664 | D:12     | Noticed a two-headed ogre
 11671 | D:11     | Killed a two-headed ogre
 11672 | D:11     | Reached skill level 11 in Unarmed Combat
 11672 | D:11     | Reached XP level 12. HP: 55/79 MP: 14/18
 11720 | D:11     | Killed a two-headed ogre
 11724 | D:11     | Reached skill level 5 in Spellcasting
 11763 | D:12     | Noticed a boulder beetle
 11885 | D:12     | Killed a boulder beetle
 11924 | D:12     | Noticed a two-headed ogre
 11937 | D:12     | Killed a two-headed ogre
 12135 | D:12     | Bought a potion of cancellation for 104 gold pieces
 12135 | D:12     | Bought a scroll of identify for 26 gold pieces
 12135 | D:12     | Bought the Disquisition on Lightness for 416 gold pieces
 12147 | D:12     | Learned a level 5 spell: Lightning Bolt
 12163 | D:12     | You fall into a shaft and drop 1 floor!
 12316 | D:12     | Reached skill level 1 in Conjurations
 12383 | D:12     | Found a runed translucent gate.
 12383 | D:12     | Found a runed translucent gate.
 12383 | D:12     | Found a runed translucent gate.
 12384 | D:12     | Noticed Veixkuz's ghost (journeyman MiBe)
 12751 | Lair:1   | Entered Level 1 of the Lair of Beasts
 12797 | Lair:1   | Noticed a six-headed hydra
 12960 | D:13     | Noticed a boulder beetle
 12963 | D:13     | Noticed a centaur warrior
 12970 | D:13     | Hit by a large rock thrown by a cyclops

Illustrated notes

Levels and vault maps discovered:
D:1:      dpeg_arrival_round_c, layout_basic
D:2:      wad_river_or_something, layout_loops_cross,
          ebering_ecumenical_altar_petrified, minmay_pentomino_o2
D:3:      layout_loops_ring, nicolae_elyvilon_peaceful_grove, uniq_natasha
D:4:      layout_rooms, temple_pool_b, nicolae_underground_beach
D:5:      minmay_skewed_foursquare, layout_rooms, minmay_misc_feat_plants,
          minmay_misc_feat_doors, st_stairs_10, kennysheep_small_square,
          uniq_edmund
D:6:      layout_basic
D:7:      layout_loops_ring, serial_rivers, chequers_serial_rivers_micro_d,
          chequers_serial_rivers_large_a, chequers_serial_rivers_micro_c,
          chequers_serial_rivers_micro_a, uniq_joseph
D:8:      layout_gridville, nicolae_ossuary_entry_false_entrances
D:9:      layout_rooms, grunt_decor_arrowhead
D:10:     cheibrodos_elevator_heist, layout_loops_cross, lair_entry_dummy
D:11:     layout_roguey, uniq_maurice
D:12:     layout_rooms, ebering_ghost_rock_garden
D:13:     minmay_the_grid_triangle_9x9_rhombus_thin_mashed
          [minmay_the_grid_triangle_9x9_zippers_horizontal,
          minmay_the_grid_triangle_9x9_prize_center,
          minmay_the_grid_triangle_9x9_odd_lines,
          minmay_the_grid_triangle_9x9_warning], layout_rooms,
          ximxim_vaults_locker_room, ebering_ghost_disaster_area
Temple:   nicolae_temple_the_god_donut
Lair:1:   layout_hall_layers, serial_bayou_shore_a

Skill      XL: |  1  2  3  4  5  6  7  8  9 10 11 12 |
---------------+-------------------------------------+-----
Transmutations | 3 4 5 6 8 |  8.1
Fighting       | 2 3 4 6 9 |  9.1
Ice Magic      | 1 3 5 7 |  7.0
Air Magic      | 7 9 |  9.0
Unarmed Combat | 8 11 | 11.0
Evocations     | 2 3 |  3.0
Spellcasting   | 4 5 |  5.0
Conjurations   | 2 |  2.8
Dodging        | |  2.0

Action                   |  1- 3 |  4- 6 |  7- 9 | 10-12 || total
-------------------------+-------+-------+-------+-------++-------
Melee: Unarmed           |    16 |    27 |   303 |   451 ||   797
       Constrict         |    23 |    39 |     5 |    11 ||    78
       Kick              |    20 |    40 |     5 |    22 ||    87
       Tentacles         |    12 |    26 |     3 |    16 ||    57
       Dagger            |    62 |   145 |     4 |       ||   211
       Punch             |     1 |     7 |       |     3 ||    11
       Flail             |       |       |    12 |    76 ||    88
       Staff             |       |       |     4 |       ||     4
 Cast: Beastly Appendage |    21 |    27 |     6 |     6 ||    60
       Ice Form          |       |     2 |    35 |    37 ||    74
       Airstrike         |       |       |       |    10 ||    10
Invok: Call Merchant     |       |       |       |     1 ||     1
 Abil: End Transformatio |       |       |       |     2 ||     2
Evoke: Wand              |       |       |     3 |    26 ||    29
  Use: Potion            |       |       |     7 |     6 ||    13
       Scroll            |       |       |     6 |    12 ||    18
 Stab: Sleeping          |    10 |     4 |     1 |       ||    15
       Distracted        |       |       |       |     4 ||     4
Armor: Skin              |     5 |    20 |   123 |   187 ||   335
Dodge: Dodged            |    43 |    81 |   195 |   320 ||   639
